 Dungeon Crawl Stone Soup version 0.31-a0-965-g8a8ce12e04 (webtiles) character file.

Game seed: 14329320238336396157

356 Maratek the Chopper (level 6, -2/53 HPs)
             Began as a Minotaur Fighter on Oct 26, 2023.
             Succumbed to an orc wizard's poison
             ... on level 3 of the Dungeon.
             The game lasted 00:02:01 (1491 turns).

Maratek the Chopper (Minotaur Fighter)              Turns: 1491, Time: 00:02:01

Health: -2/53      AC:  9    Str: 23    XL:     6   Next: 36%
Magic:  5/5        EV: 10    Int:  5    God:
Gold:   80         SH:  0    Dex:  9    Spells: 5/5 levels left

rFire   . . .        a - +1 war axe (protect)
rCold   + . .        c - +0 buckler
rNeg    . . .        b - +0 scale mail
rPois   .            (helmet restricted)
rElec   .            k - +1 cloak
rCorr   .            (no gloves)
SInv    .            (no boots)
Will    .....        (no amulet) Stlth
                     h - ring of protection from cold
HPRegen 0.28/turn    (no ring)
MPRegen 0.09/turn

%: no passive effects
@: confused, lethally poisoned (-2 -> -21)
A: horns 2, retaliatory headbutt
a: no special abilities


You were on level 3 of the Dungeon.
You visited 1 branch of the dungeon, and saw 3 of its levels.

You collected 80 gold pieces.

Inventory:

Hand Weapons
 a - a +1 war axe of protection (weapon)
Armour
 b - a +0 scale mail (worn)
 c - a +0 buckler (worn)
 k - a +1 cloak (worn)
Jewellery
 h - a ring of protection from cold (left hand)
Potions
 d - a potion of might
 f - a potion of brilliance {unknown}
 j - 2 potions of ambrosia {unknown}
 m - a potion of heal wounds {unknown}
 n - a potion of curing {unknown}
 o - a potion of haste {unknown}
 r - a potion of invisibility {unknown}


   Skills:
 + Level 4.3 Fighting
 + Level 6.1 Axes
 + Level 5.2 Armour
 + Level 1.1 Dodging
 + Level 0.1 Stealth
 + Level 4.4 Shields


You had 5 spell levels left.
You didn't know any spells.
Your spell library contained the following spells:

 Spells                   Type           Power      Damage    Failure   Level
 Necrotise                Necr           0%         1d4       83%         1
 Vampiric Draining        Necr           0%         2d6       99%         3
 Agony                    Necr           0%         N/A       100%        5


Dungeon Overview and Level Annotations

Branches:
Dungeon (3/15)

Altars:


Innate Abilities, Weirdness & Mutations

You have a pair of horns on your head.
You reflexively headbutt those who attack you in melee.


Message History

The orc priest hits you with a +0 whip. Something hits you but does no damage.
You are poisoned.
The orc barely misses you.
You slash the orc priest!
You kill the orc priest!
You miss something.
You feel very sick. Something completely misses you.
The orc hits you but does no damage. Something hits you but does no damage.
The orc hits you but does no damage.
Your Axes skill increases to level 6!
You feel sick. Something hits you but does no damage.
You are more poisoned.
The orc barely misses you. You furiously retaliate!
You headbutt the orc.
You see here a +0 whip.
Unknown command.
You slash the orc!
You kill the orc!
You miss something.
You feel very sick. Something hits you.
You are more poisoned.
You are too injured to fight recklessly!
You are too injured to fight recklessly!
You hit something.
You feel very sick. Something hits you.
You are lethally poisoned!
You barely miss something. Your headbutt misses something.
* * * LOW HITPOINT WARNING * * *
You feel extremely sick. Something hits you but does no damage.
You are more poisoned.
You miss something.
* * * LOW HITPOINT WARNING * * *
You feel extremely sick.
You hear some strange, mumbled words.
You are confused.
Something hits you but does no damage.
You miss something. Your headbutt misses something.
You die...

###.(.. ... ...... ...
.. ...... ......#......
.#### .>.....##.).
...... ######.##..#..#
....###.........##.##
#.)...###......).#
######@))...........###
.....:.{..$.##...)).....
........<...##..........
#................<...##.
#.......................
..................(.....
........###..#..........
........# ##......†.....
....... ###....†.....


There were no monsters in sight!

Vanquished Creatures
  Sigmund (D:2)
  A scorpion (D:2)
  3 orc priests (D:3)
  An adder (D:2)
  A dart slug (D:2)
  A worm (D:3)
  4 orcs (D:3)
  3 endoplasms (D:1)
  2 giant cockroaches (D:1)
  5 goblins
  2 hobgoblins (D:1)
  5 quokkas
  2 ball pythons (D:2)
  3 bats
  6 kobolds
  9 rats
49 creatures vanquished.

Notes
Turn   | Place    | Note
-------+----------+-------------------------------------------
     0 | D:1      | Maratek the Minotaur Fighter began the quest for the Orb.
     0 | D:1      | Reached XP level 1. HP: 19/19 MP: 0/0
    44 | D:1      | Reached XP level 2. HP: 27/27 MP: 1/1
   220 | D:1      | Reached skill level 3 in Axes
   411 | D:2      | Reached XP level 3. HP: 33/33 MP: 2/2
   560 | D:2      | Noticed a scorpion
   567 | D:2      | Killed a scorpion
   568 | D:2      | Reached skill level 4 in Axes
   568 | D:2      | Reached XP level 4. HP: 24/40 MP: 3/3
  1087 | D:2      | Found a faded altar of an unknown god.
  1087 | D:2      | Noticed Sigmund
  1094 | D:2      | Killed Sigmund
  1095 | D:2      | Reached skill level 5 in Axes
  1095 | D:2      | Reached skill level 5 in Armour
  1095 | D:2      | Reached skill level 1 in Dodging
  1095 | D:2      | Reached XP level 5. HP: 45/46 MP: 4/4
  1397 | D:3      | Identified the "Dozxyhos"
  1400 | D:3      | Reached XP level 6. HP: 51/52 MP: 5/5
  1486 | D:3      | Reached skill level 6 in Axes
  1491 | D:3      | Succumbed to an orc wizard's poison

Illustrated notes

Levels and vault maps discovered:
D:1:      mrwooster_arrival_arrow, layout_rooms
D:2:      layout_basic, hellmonk_ecumenical_altar_zigzags, minmay_misc_feat_chi,
          uniq_sigmund
D:3:      layout_rooms, mainiacjoe_overflow_small_starburst

Skill      XL: |  1  2  3  4  5  6 |
---------------+-------------------+-----
Armour         | 4 5 |  5.2
Axes           | 3 4 5 6 |  6.1
Fighting       | 4 |  4.3
Shields        | 4 |  4.4
Dodging        | 1 |  1.1
Stealth        | |  0.1

Action                     |  1- 3 |  4- 6 || total
---------------------------+-------+-------++-------
  Melee: War axe           |    56 |    41 ||    97
         Headbutt          |     9 |     5 ||    14
    Use: Scroll            |       |     6 ||     6
 Armour: Scale mail        |    43 |    26 ||    69
  Dodge: Dodged            |    31 |    15 ||    46
  Block: Buckler           |    13 |    11 ||    24

Table legend: (Time is in decaauts)
 A = Elapsed time spent in this place.
 B = Non-inter-level travel time spent in this place.
 C = Inter-level travel time spent in this place.
 D = Time resting spent in this place.
 E = Time spent auto-exploring this place.
 F = Levels seen in this place.
 G = Mean time per level.
                   A        B        C        D        E       F      G
               +--------+--------+--------+--------+--------+-----+--------+
         Total |   1523 |   1478 |     45 |      0 |   1192 |   3 |  507.7 |
       Dungeon |   1523 |   1478 |     45 |      0 |   1192 |   3 |  507.7 |
               +--------+--------+--------+--------+--------+-----+--------+

Top non-repeatable levels by time:
     D:2: 1012 daAuts
     D:1: 412 daAuts
     D:3: 98 daAuts
